 Dungeon Crawl Stone Soup version 0.30.1-3-gfc49f6343a (webtiles) character file.

Game seed: 2376860458974298918

9452 babooboo the Destroyer (level 11, -2/74 HPs)
             Began as a Yellow Draconian Conjurer on Aug 4, 2023.
             Killed from afar by a rime drake (21 damage)
             ... with an icy flash freeze
             ... on level 1 of the Lair of Beasts.
             The game lasted 00:32:52 (14387 turns).

babooboo the Destroyer (Yellow Draconian Conjurer) Turns: 14387, Time: 00:32:53

Health: -2/74      AC: 10    Str: 10    XL:     11   Next: 23%
Magic:  24/30      EV: 14    Int: 28    God:
Gold:   452        SH:  0    Dex: 10    Spells: 12/23 levels left

rFire   . . .        o - +1 dagger (elec)
rCold   . . .        (no shield)
rNeg    . . .        (body armour unavailable)
rPois   .            (helmet restricted)
rElec   .            p - +2 cloak
rCorr   +            (no gloves)
SInv    .            (no boots)
Will    .....        (no amulet)
Stlth   +++          d - ring of magical power
HPRegen 0.32/turn    g - +6 ring of intelligence
MPRegen 0.22/turn

%: no passive effects
@: short of breath, hasted, very quick
A: spit acid, AC +7, unfitting armour, cold-blooded, acid resistance
a: Breathe Acid


You were on level 1 of the Lair of Beasts.
You visited 3 branches of the dungeon, and saw 13 of its levels.

You collected 566 gold pieces.
You spent 114 gold pieces at shops.

Inventory:

Hand Weapons
 a - a +0 rapier
 o - a +1 dagger of electrocution (weapon)
Armour
 b - a +0 buckler
 p - a +2 cloak (worn)
Jewellery
 d - a ring of magical power (left hand)
 f - a +6 ring of dexterity
 g - a +6 ring of intelligence (right hand)
 x - a ring of positive energy
Wands
 i - a wand of flame (61)
 j - a wand of quicksilver (3)
 m - a wand of iceblast (3)
 v - a wand of polymorph (7)
 y - a wand of charming (4)
Scrolls
 c - 3 scrolls of silence
 h - 4 scrolls of immolation
 k - 2 scrolls of identify
 u - a scroll of poison
 w - 3 scrolls of torment
 z - a scroll of amnesia
Potions
 e - 3 potions of mutation
 l - 2 potions of might
 r - a potion of brilliance
 s - a potion of lignification


   Skills:
 - Level 6.7 Dodging
 - Level 7.3 Stealth
 + Level 6.9 Spellcasting
 * Level 11.1 Conjurations
 - Level 2.1 Hexes
 - Level 5.6 Translocations
 - Level 2.2 Fire Magic
 - Level 2.2 Air Magic


You had 12 spell levels left.
You knew the following spells:

 Your Spells              Type           Power      Damage    Failure   Level
a - Magic Dart            Conj           100%       1d8       1%          1
b - Searing Ray           Conj           100%       2d8       1%          2
c - Dazzling Flash        Conj/Hex       92%        N/A       1%          3
d - Slow                  Hex            84%        N/A       2%          1
e - Iskenderun's Mystic   Conj/Tloc      54%        2d12      1%          4

Your spell library contained the following spells:

 Spells                   Type           Power      Damage    Failure   Level
 Apportation              Tloc           82%        N/A       1%          1
 Fulminant Prism          Conj/Hex       23%        3d12      3%          4
 Confusing Touch          Hex            21%        N/A       7%          3
 Summon Guardian Golem    Hex/Summ       15%        N/A       11%         3
 Ozocubu's Armour         Ice            9%         N/A       17%         3
 Vampiric Draining        Necr           9%         2d6       17%         3
 Orb of Destruction       Conj           32%        9d10      43%         7
 Animate Dead             Necr           9%         N/A       50%         4
 Petrify                  Tmut/Erth      9%         N/A       50%         4
 Metabolic Englaciation   Hex/Ice        7%         N/A       69%         5
 Alistair's Intoxication  Tmut/Pois      6%         N/A       83%         5
 Borgnjor's Vile Clutch   Necr/Erth      4%         N/A       83%         5
 Spellforged Servitor     Conj/Summ      20%        N/A       99%         7
 Death Channel            Necr           4%         N/A       100%        6
 Simulacrum               Ice/Necr       4%         N/A       100%        6


Dungeon Overview and Level Annotations

Branches:
Dungeon (11/15)            Temple (1/1) D:5            Lair (1/5) D:9
    Orc: D:9-12

Altars:
Ashenzari
Cheibriados
Dithmenos
Elyvilon
Fedhas
Gozag
Hepliaklqana
Kikubaaqudgha
Makhleb
Nemelex Xobeh
Okawaru
Qazlal
Ru
Sif Muna
Trog
Uskayaw
Wu Jian
Xom
Zin
The Shining One

Shops:
D:1 :   D:3 *   D:8 :   D:9 =!:

Annotations:
D:10 Erolcha, Fannar
Lair:1 Grum, Nergalle


Innate Abilities, Weirdness & Mutations

You can spit globs of acid.
Your golden yellow scales are hard. (AC +7)
You cannot fit into any form of body armour.
You are cold-blooded and may be slowed by cold attacks.
You are resistant to acid. (rCorr)


Message History

A rime drake comes into view.
Casting: Searing Ray (safe; 1% risk of failure)
Confirm with . or Enter, or press ? or * to list all spells.
Aiming: Searing Ray (safe; 1% risk of failure)
Press: ? - help, Shift-Dir - straight line, f/p - Grum
Aim: Grum, wielding a +1 spear of flaming and wearing a +0 animal skin (lightly wounded, 85% to hit)
The searing ray misses Grum.
The searing ray hits the wolf.
The wolf is severely wounded. (Press . to maintain the ray.)
The rime drake hisses angrily.
The rime drake breathes ice at you. The icy flash freeze hits you!
You are encased in ice.
Grum barely misses you.
The searing ray hits Grum.
Grum is moderately wounded.
The searing ray hits the wolf.
The wolf is almost dead.
Grum hits you from afar with a +1 spear of flaming.
Grum burns you.
The searing ray misses Grum.
The searing ray hits the wolf!
You kill the wolf!
A nearby fungus withers and dies.
Grum hits you from afar with a +1 spear of flaming!
* * * LOW HITPOINT WARNING * * *
Grum burns you.
* * * LOW HITPOINT WARNING * * *
You feel yourself speed up.
Grum hits you from afar with a +1 spear of flaming.
* * * LOW HITPOINT WARNING * * *
Grum burns you.
* * * LOW HITPOINT WARNING * * *
The ice encasing you melts away. The rime drake misses you.
The rime drake bites you but does no damage.
Okay, then.
Okay, then.
The rime drake breathes ice at you. The icy flash freeze hits you!!
You die...

......#.####.#.#.###..#
#.##....####.#..## #.##
#.##............# #.##
#÷#...####.P.#### #..#
#.....# ###.# #.##
.<†...# #.# #.# ##.#..#
#.# #.#
##.......#..######.#
..###......@....##### #
##
###.............#..###
##P#####k........... #
#....###.#P.### #..###
... ..o #.g# ###.. . ##
#.## ## ####..#.##
.........#


You could see a rime drake (catching breath).

Vanquished Creatures
  A centaur warrior (D:9)
  2 two-headed ogres
  Pikel (D:5)
  A cyclops (D:11)
  A cane toad (Lair:1)
  An unseen horror (D:11)
  A rime drake (Lair:1)
  2 kobold demonologists
  A hornet (D:10)
  2 trolls
  Sigmund (D:3)
  4 yaks (D:8)
  Eustachio (D:4)
  2 vampires
  A ynoxinul (D:8)
  2 basilisks (Lair:1)
  2 steam dragons (D:7)
  2 wyverns (D:9)
  An acid dragon (D:7)
  An ice beast (D:7)
  An orc warrior (D:9)
  A black bear (D:7)
  2 wolves (Lair:1)
  2 lemures (D:5)
  4 centaurs
  2 phantoms (D:5)
  4 kobold brigands
  2 scorpions
  6 bullfrogs
  A wight (D:7)
  3 killer bees (D:9)
  A howler monkey (D:4)
  A gnoll bouda (D:5)
  3 jellies
  Crazy Yiuf (D:4)
  An orc priest (D:8)
  2 hounds
  5 iguanas
  3 orc wizards
  A sleepcap (D:4)
  Natasha (thrice) (D:4)
  Terence (D:2)
  4 adders
  7 gnolls
  2 shadow imps
  2 white imps (D:7)
  9 dart slugs
  8 orcs
  2 bats
  6 endoplasms
  2 giant cockroaches
  5 goblins
  7 hobgoblins
  3 quokkas
  11 ball pythons
  4 frilled lizards
  28 kobolds
  5 rats
185 creatures vanquished.

Notes
Turn   | Place    | Note
-------+----------+-------------------------------------------
     0 | D:1      | babooboo the Draconian Conjurer began the quest for the
                  | Orb.
     0 | D:1      | Reached XP level 1. HP: 14/14 MP: 3/3
   224 | D:1      | Reached XP level 2. HP: 20/20 MP: 0/5
   227 | D:1      | Learned a level 2 spell: Searing Ray
   741 | D:1      | Found Oreidatt's Vocational Training.
  1021 | D:1      | Reached XP level 3. HP: 26/26 MP: 2/6
  1458 | D:1      | Learned a level 3 spell: Dazzling Flash
  1576 | D:2      | Noticed Terence
  1592 | D:2      | Killed Terence
  1912 | D:2      | Reached XP level 4. HP: 33/33 MP: 4/7
  1949 | D:2      | Learned a level 1 spell: Slow
  2116 | D:2      | Identified the +2 chain mail "Fiusim" {Harm rPois rF+
                  | Regen+ Str+3}
  2890 | D:3      | Found an opulent altar of Gozag.
  3086 | D:3      | Noticed Sigmund
  3093 | D:3      | Killed Sigmund
  3094 | D:3      | Reached skill level 5 in Conjurations
  3094 | D:3      | Reached skill level 1 in Hexes
  3094 | D:3      | Reached XP level 5. HP: 22/38 MP: 0/9
  3094 | D:3      | Reached XP level 6. HP: 26/45 MP: 0/10
  3230 | D:3      | Found a faded altar of an unknown god.
  3682 | D:3      | Found Unkaext's Assorted Antiques.
  3689 | D:3      | Bought a potion of heal wounds for 95 gold pieces
  3689 | D:3      | Bought a scroll labelled ACARHOMMUTTUSK for 19 gold pieces
  3769 | D:4      | Found a stormy altar of Qazlal.
  3772 | D:4      | Noticed Eustachio
  3784 | D:4      | Killed Eustachio
  4360 | D:4      | Found a hazy altar of Hepliaklqana.
  4360 | D:4      | Found a blossoming altar of Fedhas.
  4492 | D:4      | Reached skill level 6 in Conjurations
  4492 | D:4      | Your scales start taking on a golden yellow colour.
  4492 | D:4      | Reached XP level 7. HP: 50/50 MP: 6/12
  4492 | D:4      | Gained mutation: You are resistant to acid. (rCorr) [Yellow
                  | Draconian growth]
  4516 | D:4      | Noticed Natasha
  4522 | D:4      | Killed Natasha
  4537 | D:4      | Noticed Natasha
  4543 | D:4      | Killed Natasha
  4713 | D:4      | Noticed Natasha
  4723 | D:4      | Killed Natasha
  5096 | D:4      | Found a runed translucent door.
  5097 | D:4      | Noticed Crazy Yiuf
  5326 | D:4      | Killed Crazy Yiuf
  5605 | D:5      | Entered Level 5 of the Dungeon
  5609 | D:5      | Reached skill level 1 in Translocations
  5882 | D:4      | Learned a level 4 spell: Iskenderun's Mystic Blast
  6311 | D:5      | Reached XP level 8. HP: 57/57 MP: 6/13
  6864 | D:5      | Noticed Pikel
  7142 | D:5      | Killed Pikel
  7143 | D:5      | Reached skill level 7 in Conjurations
  7478 | D:5      | Found a staircase to the Ecumenical Temple.
  7690 | Temple   | Entered the Ecumenical Temple
  8339 | D:6      | Reached skill level 5 in Stealth
  8766 | D:7      | Reached skill level 8 in Conjurations
  8766 | D:7      | Reached XP level 9. HP: 34/62 MP: 9/16
  8886 | D:7      | Noticed a two-headed ogre
  8896 | D:7      | Killed a two-headed ogre
  8897 | D:7      | Reached skill level 5 in Dodging
  8897 | D:7      | Reached skill level 5 in Spellcasting
  9049 | D:7      | Noticed a kobold demonologist
  9056 | D:7      | Noticed a soul eater
  9062 | D:7      | Killed a kobold demonologist
  9216 | D:7      | Found a sacrificial altar of Ru.
  9272 | D:7      | Found a glowing golden altar of the Shining One.
  9463 | D:7      | Reached skill level 9 in Conjurations
  9752 | D:8      | Found Oleohea's Book Shoppe.
 10277 | D:8      | Found a shimmering blue altar of Sif Muna.
 10286 | D:8      | Reached XP level 10. HP: 60/69 MP: 9/18
 10348 | D:8      | Got Sif Muna's Lectures on Reformation
 10353 | D:8      | Found a bloodstained altar of Trog.
 10427 | D:8      | Reached skill level 5 in Translocations
 10564 | D:8      | Noticed a two-headed ogre
 10569 | D:8      | Killed a two-headed ogre
 10611 | D:8      | Identified the +6 flail of the Sky {drain, *Noise Dex+9}
 10664 | D:8      | Found a hide-covered altar of Uskayaw.
 10673 | D:8      | Reached skill level 10 in Conjurations
 11120 | D:9      | Noticed a red ugly thing
 11120 | D:9      | Noticed a centaur warrior
 11333 | D:9      | Found Qiac's Book Shoppe.
 11491 | D:9      | Found Fympuciq's Distillery.
 11554 | D:9      | Found a staircase to the Lair.
 11652 | D:9      | Found a transporter.
 11652 | D:9      | Found Tyrinka's Jewellery Shop.
 11656 | D:9      | Found a transporter.
 12385 | D:9      | Killed a centaur warrior
 12386 | D:9      | Reached skill level 1 in Fire Magic
 12386 | D:9      | Reached skill level 1 in Air Magic
 12514 | D:10     | Entered Level 10 of the Dungeon
 12610 | D:10     | Noticed Erolcha
 12618 | D:10     | Noticed Fannar
 12794 | D:11     | Reached XP level 11. HP: 69/74 MP: 20/20
 12886 | D:11     | HP: 3/74 [cyclops (8)]
 13332 | D:11     | Noticed a two-headed ogre
 13628 | Lair:1   | Entered Level 1 of the Lair of Beasts
 14166 | Lair:1   | Reached skill level 11 in Conjurations
 14360 | Lair:1   | Noticed Nergalle
 14368 | Lair:1   | Noticed Grum
 14387 | Lair:1   | Killed from afar by a rime drake

Illustrated notes

Levels and vault maps discovered:
D:1:      lightli_arrival_statue_moat, layout_rooms, hangedman_decor_slide_cut,
          nicolae_shop_vocational
D:2:      layout_loops_cross, chequers_serial_rivers_micro_d, uniq_terence
D:3:      layout_loops_ring, amcnicky_altar_gilded,
          ebering_ecumenical_altar_mist, serial_shops, shop, minmay_liquid_box,
          uniq_sigmund
D:4:      layout_loops_ring, mainiacjoe_overflow_brackets,
          gammafunk_temple_overflow_wave, uniq_natasha, uniq_eustachio,
          uniq_crazy_yiuf_cottage
D:5:      layout_rooms, temple_pool_b, dreamdust_mushroom_princess,
          item_on_display_a, uniq_pikel
D:6:      layout_basic
D:7:      layout_rooms, lemuel_round_altar, mainiacjoe_overflow_alcove_1,
          minmay_fractal_squares_gapless_5
D:8:      layout_cave_pools, nzn_overflow_gifts_of_might_and_magic,
          eat_drink_and_be_merry_uskayaw, serial_shops, nicolae_stop_n_shop_1
D:9:      layout_loops_corners, lair_entry_dummy, serial_shops, shop,
          nicolae_shop_drivethru, nicolae_shop_real_fake_doors,
          nicolae_shop_behind_doors, grunt_tough_drop
D:10:     layout_big_octagon, nicolae_vehumet_altar_sigil,
          yredelemnul_altar_generic, uniq_fannar, uniq_erolcha
D:11:     layout_roguey, evilmike_minifort
Temple:   nicolae_temple_ecumenical_triangle
Lair:1:   layout_loops_ring, uniq_nergalle, uniq_grum

Skill      XL: |  1  2  3  4  5  6  7  8  9 10 11 |
---------------+----------------------------------+-----
Stealth        | 2 3 4 5 6 7 |  7.3
Dodging        | 2 3 4 5 6 |  6.7
Spellcasting   | 3 4 5 6 |  6.9
Conjurations   | 5 6 8 9 10 11 | 11.1
Hexes          | 1 2 |  2.1
Translocations | 1 3 4 5 |  5.6
Fire Magic     | 1 2 |  2.2
Air Magic      | 1 2 |  2.2

Action                     |  1- 3 |  4- 6 |  7- 9 | 10-12 || total
---------------------------+-------+-------+-------+-------++-------
  Melee: Unarmed           |     3 |       |       |       ||     3
         Short sword       |     8 |     7 |       |       ||    15
         Dagger            |       |     2 |    24 |    28 ||    54
         Tailslap          |       |     2 |     4 |     4 ||    10
   Cast: Magic Dart        |    72 |    41 |    27 |     9 ||   149
         Searing Ray       |     3 |    13 |    53 |    44 ||   113
         Dazzling Flash    |     1 |       |       |       ||     1
         Slow              |       |     2 |     9 |       ||    11
         Iskenderun's Myst |       |       |       |     3 ||     3
Ability: Breathe Acid      |       |       |    13 |    19 ||    32
  Evoke: Wand              |       |       |       |     2 ||     2
    Use: Scroll            |     7 |     3 |     9 |     5 ||    24
         Potion            |     2 |     5 |     6 |    13 ||    26
   Stab: Sleeping          |     1 |     2 |     2 |     3 ||     8
         Invisible         |       |       |       |     1 ||     1
 Armour: Skin              |     9 |    10 |    32 |    46 ||    97
  Dodge: Dodged            |    22 |    31 |    73 |   100 ||   226
